 Dungeon Crawl Stone Soup version 0.21-a0-508-gf08a75f (webtiles) character file.

88 tof the Slasher (level 4, 0/35 HPs)
             Began as a Demonspawn Monk on Nov 28, 2017.
             Slain by Crazy Yiuf
             ... wielding a +4 quarterstaff of chaos
              (12 damage)
             ... on level 2 of the Dungeon.
             The game lasted 00:03:58 (2254 turns).

tof the Slasher (Demonspawn Monk)                   Turns: 2254, Time: 00:03:59

Health: 0/35       AC:  6    Str: 11    XL:     4   Next: 30%
Magic:  4/4        EV: 12    Int: 11    God:
Gold:   139        SH:  0    Dex: 17    Spells: 3/3 levels left

rFire    + . .     SeeInvis .   a - +0 falchion
rCold    + . .     Gourm    .   (no shield)
rNeg     . . .     Faith    .   e - +0 ring mail
rPois    .         Spirit   .   (helmet restricted)
rElec    .         Reflect  .   (no cloak)
rCorr    .         Harm     .   m - +0 pair of gloves
MR       .....                  (no boots)
Stlth    ++........             (no amulet)
HPRegen  0.11/turn              f - ring of protection from fire
MPRegen  0.09/turn              (no ring)

@: very slightly contaminated, slowed, invisible (expiring), very slow
A: horns 1, cold resistance 1
a: no special abilities


You were on level 2 of the Dungeon.
You were not hungry.

You visited 1 branch of the dungeon, and saw 2 of its levels.

You collected 139 gold pieces.

Inventory:

Hand Weapons
 a - a +0 falchion (weapon)
Missiles
 i - 2 tomahawks (quivered)
Armour
 b - a +0 robe
 e - a +0 ring mail (worn)
 m - a +0 pair of gloves (worn)
Jewellery
 f - a ring of protection from fire (left hand)
 p - a +3 ring of intelligence {unknown}
Scrolls
 d - 3 scrolls of teleportation {unknown}
 h - a scroll of amnesia {unknown}
 q - a scroll of identify {unknown}
Potions
 j - 2 potions of heal wounds {unknown}
 n - a potion of magic {unknown}
 o - 2 potions of curing {unknown}
Comestibles
 c - 2 bread rations
 g - a fruit
 k - a royal jelly
 l - a meat ration


   Skills:
 + Level 3.4 Fighting
 * Level 3.6 Long Blades
 + Level 3.2 Dodging
 + Level 2.5 Stealth


You had 3 spell levels left.
You didn't know any spells.

Dungeon Overview and Level Annotations

Branches:
Dungeon (2/15)

Altars:

Annotations:
D:2 Crazy Yiuf


Innate Abilities, Weirdness & Mutations

You have a pair of small horns on your head.
Your flesh is cold resistant. (rC+)


Message History

Crazy Yiuf hits you with a quarterstaff of chaos.
You feel yourself slow down.
You barely miss Crazy Yiuf.
Crazy Yiuf is severely wounded.
Crazy Yiuf closely misses you.
You completely miss Crazy Yiuf.
Crazy Yiuf is severely wounded.
Crazy Yiuf barely misses you. Crazy Yiuf misses you.
You catch the helpless Crazy Yiuf completely off-guard!
You hit Crazy Yiuf. Your headbutt misses Crazy Yiuf.
Crazy Yiuf is almost dead.
The teleport trap disappears.
Crazy Yiuf disappears!
You flicker for a moment.
Crazy Yiuf laughs, "Sif Muna ena stair!"
Crazy Yiuf screams, "Hah song agre!"
Crazy Yiuf says, "Key testudinal ladder!"
Crazy Yiuf hits you with a quarterstaff of chaos!
There is an open door, spattered with blood here.
Crazy Yiuf hits you with a quarterstaff of chaos!
You die...

#.###.##
#.##.##..##.#
#.##...##
##.##.##..##.#
#.#.###.#
#..##........#
#####..># ###
###########.##
........## #..#
#######..#
♣♣♣♣♣###.#
#######.##
#####♣♣♣.♣..#.#.#
.........#
#...#♣..♣.......#
#######..#
#...g@♣♣♣♣......#
#.## #)..#♣♣
♣♣.#..## #..#
##### ♣♣#### ####


You could see Crazy Yiuf.

Vanquished Creatures
  4 adders (D:2)
  An ooze (D:2)
  A worm (D:2)
  2 dart slugs
  2 leopard geckos (D:1)
  3 bats
  A giant cockroach (D:2)
  5 hobgoblins
  4 jackals (D:2)
  4 kobolds
  A frilled lizard (D:1)
  5 goblins (D:2)
  6 rats
39 creatures vanquished.

Notes
Turn   | Place    | Note
-------+----------+-------------------------------------------
     0 | D:1      | tof the Demonspawn Monk began the quest for the Orb.
     0 | D:1      | Reached XP level 1. HP: 18/18 MP: 1/1
    10 | D:1      | Noticed a death yak
    12 | D:1      | Noticed a death yak
   140 | D:1      | Gained mutation: You have a pair of small horns on your head. [demonic ancestry]
   140 | D:1      | Reached XP level 2. HP: 24/24 MP: 2/2
  1151 | D:2      | Gained mutation: Your flesh is cold resistant. (rC+) [demonic ancestry]
  1151 | D:2      | Reached XP level 3. HP: 26/29 MP: 3/3
  1251 | D:2      | Found a runed door.
  1841 | D:2      | Reached XP level 4. HP: 35/35 MP: 4/4
  2239 | D:2      | Noticed Crazy Yiuf
  2254 | D:2      | Slain by Crazy Yiuf

Vault maps used:
D:1:      sevenhm_arrival_forest_fort_small_2, minmay_misc_feat_x
D:2:      uniq_crazy_yiuf_cottage

Skill      XL: |  1  2  3 |
---------------+----------+-----
Stealth        | 2 |  2.5
Long Blades    | 3 |  3.6
Dodging        | 3 |  3.2
Fighting       | |  3.4

Action                   |  1- 3 |  4- 6 || total
-------------------------+-------+-------++-------
Melee: Falchion          |    83 |    21 ||   104
       Headbutt          |    21 |     5 ||    26
 Stab: Sleeping          |     4 |     1 ||     5
       Invisible         |       |     1 ||     1
  Eat: Chunk             |     3 |     1 ||     4
Armor: Ring mail         |    31 |     8 ||    39
Dodge: Dodged            |    58 |    11 ||    69
       Rpst.: Falchion   |    13 |     3 ||    16

Table legend:
 A = Spawn XP
 B = Non-spawn XP
 C = Spawn XP percentage of total XP
 D = Spawn monster count
 E = Non-spawn monster count
 F = Spawn count percentage of total count
 G = Total turns spent on level
                    A         B        C        D         E        F      G
               +---------+---------+-------+---------+---------+-------+---------
         Total |       0 |     127 |   0.0 |       0 |      39 |   0.0 |  2254
               +---------+---------+-------+---------+---------+-------+---------
           D:1 |       0 |      28 |   0.0 |       0 |      15 |   0.0 |  1099
           D:2 |       0 |      99 |   0.0 |       0 |      24 |   0.0 |  1155
               +---------+---------+-------+---------+---------+-------+---------
